 Dungeon Crawl Stone Soup version 0.31-a0-152-g6aa68a64a1 (webtiles) character file.

Game seed: 13058522222485356914

1675 qw the Skirmisher (level 9, -2/85 HPs)
             Began as a Naga Hunter on June 9, 2023.
             Was a Follower of Okawaru.
             Slain by a black bear (7 damage)
             ... on level 6 of the Dungeon.
             The game lasted 00:01:50 (4375 turns).

qw the Skirmisher (Naga Hunter)                     Turns: 4375, Time: 00:01:51

Health: -2/85      AC:  7    Str: 13    XL:     9   Next: 1%
Magic:  11/12      EV: 14    Int:  9    God:    Okawaru [*.....]
Gold:   340        SH:  5    Dex: 20    Spells: 8/8 levels left

rFire   . . .        Y - +0 shortbow
rCold   . . .        (shield currently unavailable)
rNeg    . . .        c - +0 leather armour
rPois   +            i - +0 helmet
rElec   .            (no cloak)
rCorr   .            a - +0 pair of gloves
SInv    +            (no barding)
Will    ++...        p - amulet of reflection
Stlth   +++          d - ring of willpower
HPRegen 0.34/turn    (no ring)
MPRegen 0.13/turn

%: reflection
@: short of breath, heroic, very slow
A: AC +3, large, see invisible, deformed body, poison resistance, slowness 2,
spit poison 1, naga tail 1
a: Spit Poison, Renounce Religion, Heroism


You were on level 6 of the Dungeon.
You worshipped Okawaru.
Okawaru was aware of your devotion.
You visited 1 branch of the dungeon, and saw 6 of its levels.

You collected 340 gold pieces.


Innate Abilities, Weirdness & Mutations

Your serpentine skin is tough. (AC +3)
You have supernaturally acute eyesight. (SInv)
Armour fits poorly on your strangely shaped body.
Your system is resistant to poisons. (rPois)
You cover ground very slowly.
You can spit poison.
You have a snake-like lower body.


   Skills:
 - Level 6.6(11.6) Fighting
 + Level 8.0(13.0) Ranged Weapons
 - Level 1.1(6.1) Armour
 - Level 2.2(7.2) Dodging
 - Level 1.5(6.5) Stealth
 - Level 4.2 Invocations


You had 8 spell levels left.
You didn't know any spells.
Your spell library was empty.

Inventory:

Hand Weapons
 Y - a +0 shortbow (weapon)
Armour
 a - a +0 pair of gloves (worn)
 c - a +0 leather armour (worn)
 i - a +0 helmet (worn)
Jewellery
 d - a ring of willpower (left hand)
 p - an amulet of reflection (around neck)
Scrolls
 e - a scroll of blinking {unknown}
 m - a scroll of identify
Potions
 b - 2 potions of might
 g - a potion of mutation {unknown}
 h - a potion of haste {unknown}
 j - a potion of brilliance {unknown}
 k - a potion of attraction {unknown}
 o - a potion of degeneration {unknown}
 q - a potion of magic {unknown}

Dungeon Overview and Level Annotations

Branches:
Dungeon (6/15)             Temple (0/1) D:5

Altars:
Cheibriados
Fedhas
Kikubaaqudgha
Okawaru
Uskayaw
Xom


Message History

You shoot an arrow. The arrow hits the black bear.
The black bear is moderately wounded.
You feel like a meek peon again.
4367 ||| INVOKING Heroism.
You gain the combat prowess of a mighty hero.
The black bear bites you but does no damage.
The black bear claws you. The black bear barely misses you.
You shoot an arrow.
The arrow closely misses the black bear.
The black bear bites you but does no damage.
The black bear closely misses you. The black bear barely misses you.
You shoot an arrow.
The arrow hits the black bear but does no damage.
The black bear is moderately wounded.
The black bear bites you but does no damage.
The black bear claws you but does no damage. x2
You shoot an arrow. The arrow hits the black bear!
The black bear is heavily wounded.
You have got your breath back.
The black bear misses you.
The black bear claws you but does no damage. x2
4371 ||| INVOKING Spit Poison.
Aiming: Spit Poison (1% risk of failure)
Press: ? - help, Shift-Dir - straight line, f/p - black bear The splash of poison hits the black bear!
The black bear is almost dead.
The black bear closely misses you. The black bear barely misses you.
The black bear claws you but does no damage.
You shoot an arrow.
The arrow hits the black bear but does no damage.
The black bear is almost dead.
You shoot an arrow.
The arrow closely misses the black bear.
The black bear goes berserk!
You shoot an arrow. The arrow barely misses the black bear.
The black bear barely misses you. x3
You shoot an arrow. The arrow hits the black bear.
The black bear is almost dead.
The black bear bites you!
You die...

##...# .#...# #._.+
#.#.##########...#
#............#...#
............##..+ ..
...........#######..##
#.............h......
#.........###@#######
#.##.........#..........
.............#.#.#######
#.#.....#...##.#..
#..##.#...## #.# #.
#.#...# ... #..
#.########### ##
#..##.##........# .P#
##...#.##.########~.~#


You could see a black bear (berserk).

Vanquished Creatures
  Pikel (D:6)
  Menkaure (D:5)
  A water moccasin (D:4)
  An ice beast (D:5)
  An ogre (D:5)
  A centaur (D:6)
  2 lemures (D:6)
  3 scorpions
  2 vampire bats (D:5)
  A howler monkey (D:4)
  A jelly (D:5)
  2 hounds
  2 orc priests
  2 iguanas (D:6)
  8 gnolls
  11 adders
  A white imp (D:6)
  A worm (D:4)
  2 dart slugs
  6 orcs
  7 endoplasms
  2 giant cockroaches
  7 goblins
  5 hobgoblins
  3 quokkas
  9 ball pythons
  16 bats
  3 frilled lizards
  10 kobolds
  4 rats
116 creatures vanquished.

Notes
Turn   | Place    | Note
-------+----------+-------------------------------------------
     0 | D:1      | qw the Naga Hunter began the quest for the Orb.
     0 | D:1      | Reached XP level 1. HP: 19/19 MP: 1/1
     0 | D:1      | 0 ||| qw: Version: 0.2-a-122-gbc61b45
     0 | D:1      | 0 ||| qw: Game counter: 3352
     0 | D:1      | 0 ||| qw: Always use a shield: true
     0 | D:1      | 0 ||| qw: God list: Okawaru
     0 | D:1      | 0 ||| qw: Allow faded altars: false
     0 | D:1      | 0 ||| qw: Do Orc after D:15 true
     0 | D:1      | 0 ||| qw: Do second Lair branch before Depths: true
     0 | D:1      | 0 ||| qw: Lair rune preference: random
     0 | D:1      | 0 ||| qw: Plans: Normal
     0 | D:1      | 0 ||| PLANNING D:1-11
    56 | D:1      | 56 ||| INVOKING Spit Poison.
    64 | D:1      | Reached skill level 4 in Ranged Weapons
    64 | D:1      | Reached XP level 2. HP: 26/26 MP: 2/2
   109 | D:1      | 109 ||| INVOKING Spit Poison.
   178 | D:1      | 178 ||| INVOKING Spit Poison.
   183 | D:1      | 183 ||| INVOKING Spit Poison.
   189 | D:1      | 189 ||| INVOKING Spit Poison.
   195 | D:1      | 195 ||| INVOKING Spit Poison.
   198 | D:1      | HP: 6/26 [frilled lizard (3)]
   249 | D:1      | 249 ||| INVOKING Spit Poison.
   315 | D:1      | 315 ||| INVOKING Spit Poison.
   328 | D:1      | 328 ||| INVOKING Spit Poison.
   353 | D:1      | Reached XP level 3. HP: 32/32 MP: 3/3
   364 | D:1      | 364 ||| INVOKING Spit Poison.
   378 | D:1      | 378 ||| INVOKING Spit Poison.
   381 | D:1      | 381 ||| INVOKING Spit Poison.
   567 | D:1      | Found a faded altar of an unknown god.
   568 | D:1      | 568 ||| INVOKING Spit Poison.
   572 | D:1      | 572 ||| INVOKING Spit Poison.
   581 | D:1      | 581 ||| INVOKING Spit Poison.
   613 | D:1      | 613 ||| UPGRADING to ring of willpower.
   614 | D:1      | 614 ||| READING scroll labelled YTSOMU REWAOTE.
   615 | D:1      | 615 ||| DROPPING scroll of butterflies.
   632 | D:2      | 632 ||| INVOKING Spit Poison.
   638 | D:2      | 638 ||| INVOKING Spit Poison.
   667 | D:2      | 667 ||| INVOKING Spit Poison.
   704 | D:2      | 704 ||| INVOKING Spit Poison.
   707 | D:2      | 707 ||| INVOKING Spit Poison.
   729 | D:2      | 729 ||| INVOKING Spit Poison.
   736 | D:2      | Reached skill level 5 in Ranged Weapons
   736 | D:2      | Reached XP level 4. HP: 36/39 MP: 4/4
   738 | D:2      | 738 ||| INVOKING Spit Poison.
   754 | D:2      | 754 ||| INVOKING Spit Poison.
   817 | D:2      | 817 ||| INVOKING Spit Poison.
   823 | D:2      | 823 ||| INVOKING Spit Poison.
   847 | D:2      | 847 ||| INVOKING Spit Poison.
   918 | D:2      | 918 ||| INVOKING Spit Poison.
   929 | D:2      | Found a hide-covered altar of Uskayaw.
   932 | D:2      | 932 ||| INVOKING Spit Poison.
   952 | D:2      | 952 ||| INVOKING Spit Poison.
   963 | D:2      | 963 ||| INVOKING Spit Poison.
  1051 | D:2      | 1051 ||| INVOKING Spit Poison.
  1222 | D:2      | 1222 ||| UPGRADING to +0 pair of gloves.
  1227 | D:2      | 1227 ||| UPGRADING to +0 helmet.
  1232 | D:2      | 1232 ||| DROPPING +6 ring of intelligence.
  1233 | D:2      | 1233 ||| READING scroll labelled VOEPEL BUPNA.
  1238 | D:2      | 1238 ||| READING scroll labelled ANNADAHATA.
  1239 | D:2      | 1239 ||| DRINKING 3 bubbling puce potions.
  1270 | D:3      | Found a snail-covered altar of Cheibriados.
  1270 | D:3      | Found an ancient bone altar of Kikubaaqudgha.
  1271 | D:3      | Found an iron altar of Okawaru.
  1272 | D:3      | 1272 ||| PLANNING OKAWARU WORSHIP
  1275 | D:3      | Became a worshipper of Warmaster Okawaru
  1275 | D:3      | 1275 ||| PLANNING D:1-11
  1305 | D:3      | 1305 ||| INVOKING Spit Poison.
  1395 | D:3      | 1395 ||| INVOKING Spit Poison.
  1475 | D:3      | 1475 ||| INVOKING Spit Poison.
  1490 | D:3      | 1490 ||| INVOKING Spit Poison.
  1493 | D:3      | 1493 ||| INVOKING Spit Poison.
  1494 | D:3      | Reached skill level 3 in Fighting
  1494 | D:3      | 1494 ||| Stepping ~*~*~tactically~*~*~ (outnumbered).
  1515 | D:3      | 1515 ||| INVOKING Spit Poison.
  1521 | D:3      | 1521 ||| INVOKING Spit Poison.
  1526 | D:3      | 1526 ||| INVOKING Spit Poison.
  1529 | D:3      | Reached XP level 5. HP: 32/49 MP: 5/5
  1529 | D:3      | 1529 ||| INVOKING Spit Poison.
  1607 | D:3      | 1607 ||| INVOKING Spit Poison.
  1632 | D:3      | 1632 ||| INVOKING Spit Poison.
  1704 | D:3      | 1704 ||| INVOKING Spit Poison.
  1707 | D:3      | 1707 ||| INVOKING Spit Poison.
  1737 | D:3      | 1737 ||| INVOKING Spit Poison.
  1741 | D:3      | 1741 ||| INVOKING Spit Poison.
  2118 | D:3      | 2118 ||| READING scroll labelled DEX EL NAHUDY.
  2119 | D:3      | 2119 ||| READING scroll labelled QYG YSASAEBY.
  2120 | D:3      | 2120 ||| READING 2 scrolls labelled HAIFORGH KAAKHO.
  2121 | D:3      | 2121 ||| DROPPING scroll of noise.
  2155 | D:4      | 2155 ||| INVOKING Spit Poison.
  2238 | D:4      | 2238 ||| INVOKING Spit Poison.
  2241 | D:4      | Reached skill level 6 in Ranged Weapons
  2241 | D:4      | Reached XP level 6. HP: 56/56 MP: 6/6
  2274 | D:4      | 2274 ||| INVOKING Spit Poison.
  2278 | D:4      | 2278 ||| INVOKING Spit Poison.
  2290 | D:4      | 2290 ||| INVOKING Spit Poison.
  2326 | D:4      | 2326 ||| INVOKING Spit Poison.
  2333 | D:4      | 2333 ||| INVOKING Spit Poison.
  2337 | D:4      | 2337 ||| INVOKING Spit Poison.
  2342 | D:4      | 2342 ||| INVOKING Spit Poison.
  2345 | D:4      | 2345 ||| INVOKING Spit Poison.
  2348 | D:4      | 2348 ||| INVOKING Spit Poison.
  2353 | D:4      | 2353 ||| INVOKING Spit Poison.
  2381 | D:4      | 2381 ||| INVOKING Spit Poison.
  2485 | D:4      | 2485 ||| INVOKING Spit Poison.
  2490 | D:4      | 2490 ||| INVOKING Spit Poison.
  2629 | D:4      | 2629 ||| INVOKING Spit Poison.
  2635 | D:4      | 2635 ||| INVOKING Spit Poison.
  2636 | D:4      | 2636 ||| Stepping ~*~*~tactically~*~*~ (outnumbered).
  2638 | D:4      | 2638 ||| INVOKING Spit Poison.
  2641 | D:4      | 2641 ||| INVOKING Spit Poison.
  2647 | D:4      | 2647 ||| INVOKING Spit Poison.
  2653 | D:4      | 2653 ||| INVOKING Spit Poison.
  2657 | D:4      | Reached XP level 7. HP: 41/64 MP: 7/7
  2853 | D:4      | 2853 ||| INVOKING Spit Poison.
  2885 | D:4      | Found a blossoming altar of Fedhas.
  2994 | D:4      | Reached * piety under Okawaru
  3101 | D:4      | 3101 ||| INVOKING Spit Poison.
  3190 | D:4      | 3190 ||| UPGRADING to amulet of reflection.
  3195 | D:4      | 3195 ||| DROPPING ring of wizardry.
  3196 | D:4      | 3196 ||| READING scroll labelled LACOXZOISE.
  3197 | D:4      | 3197 ||| READING 3 scrolls of identify.
  3197 | D:4      | 3197 ||| IDENTIFYING coppery potion
  3198 | D:4      | 3198 ||| READING 2 scrolls of identify.
  3198 | D:4      | 3198 ||| IDENTIFYING green potion
  3199 | D:4      | 3199 ||| DROPPING potion of lignification.
  3219 | D:5      | Entered Level 5 of the Dungeon
  3224 | D:5      | 3224 ||| INVOKING Spit Poison.
  3227 | D:5      | 3227 ||| INVOKING Spit Poison.
  3261 | D:5      | 3261 ||| INVOKING Heroism.
  3270 | D:5      | Reached skill level 7 in Ranged Weapons
  3413 | D:5      | 3413 ||| INVOKING Spit Poison.
  3415 | D:5      | Reached skill level 1 in Invocations
  3416 | D:5      | 3416 ||| INVOKING Spit Poison.
  3421 | D:5      | Reached skill level 1 in Armour
  3430 | D:5      | Found a staircase to the Ecumenical Temple.
  3452 | D:5      | 3452 ||| INVOKING Spit Poison.
  3480 | D:5      | 3480 ||| INVOKING Heroism.
  3498 | D:5      | 3498 ||| INVOKING Heroism.
  3555 | D:5      | Noticed Menkaure
  3556 | D:5      | 3556 ||| INVOKING Heroism.
  3557 | D:5      | 3557 ||| INVOKING Spit Poison.
  3562 | D:5      | Reached XP level 8. HP: 40/72 MP: 6/10
  3565 | D:5      | 3565 ||| INVOKING Spit Poison.
  3572 | D:5      | 3572 ||| INVOKING Heroism.
  3572 | D:5      | HP: 16/72 [??? (13)]
  3573 | D:5      | 3573 ||| DRINKING 3 potions of heal wounds.
  3574 | D:5      | 3574 ||| DRINKING 2 potions of heal wounds.
  3575 | D:5      | 3575 ||| INVOKING Spit Poison.
  3576 | D:5      | Reached skill level 3 in Invocations
  3576 | D:5      | 3576 ||| DRINKING potion of heal wounds.
  3581 | D:5      | Killed Menkaure
  3761 | D:5      | 3761 ||| INVOKING Spit Poison.
  3766 | D:5      | 3766 ||| INVOKING Spit Poison.
  3983 | D:5      | 3983 ||| READING scroll labelled HUONET JOVOICE.
  3984 | D:5      | 3984 ||| READING 2 scrolls of identify.
  3984 | D:5      | 3984 ||| IDENTIFYING emerald potion
  3985 | D:5      | 3985 ||| DROPPING potion of invisibility.
  4024 | D:6      | 4024 ||| INVOKING Spit Poison.
  4027 | D:6      | 4027 ||| INVOKING Spit Poison.
  4034 | D:6      | 4034 ||| INVOKING Spit Poison.
  4048 | D:6      | 4048 ||| INVOKING Heroism.
  4269 | D:6      | 4269 ||| INVOKING Spit Poison.
  4273 | D:6      | 4273 ||| INVOKING Spit Poison.
  4274 | D:6      | Reached skill level 8 in Ranged Weapons
  4309 | D:6      | 4309 ||| INVOKING Spit Poison.
  4320 | D:6      | Found a shimmering altar of Xom.
  4325 | D:6      | 4325 ||| INVOKING Spit Poison.
  4326 | D:6      | Noticed Pikel
  4327 | D:6      | 4327 ||| INVOKING Heroism.
  4332 | D:6      | 4332 ||| INVOKING Spit Poison.
  4340 | D:6      | 4340 ||| INVOKING Spit Poison.
  4344 | D:6      | 4344 ||| INVOKING Spit Poison.
  4351 | D:6      | 4351 ||| INVOKING Spit Poison.
  4351 | D:6      | HP: 9/73 [Pikel/+1 whip of electrocution (19)]
  4358 | D:6      | HP: 8/73 [Pikel/+1 whip of electrocution (2)]
  4359 | D:6      | 4359 ||| INVOKING Spit Poison.
  4359 | D:6      | HP: 1/73 [Pikel/+1 whip of electrocution (7)]
  4364 | D:6      | Killed Pikel
  4365 | D:6      | Reached skill level 6 in Fighting
  4365 | D:6      | Reached XP level 9. HP: 3/85 MP: 12/12
  4365 | D:6      | 4365 ||| INVOKING Spit Poison.
  4367 | D:6      | 4367 ||| INVOKING Heroism.
  4367 | D:6      | HP: 3/85 [black bear (1)]
  4371 | D:6      | 4371 ||| INVOKING Spit Poison.
  4375 | D:6      | Slain by a black bear

Levels and vault maps discovered:
D:1:      eino_arrival_druids_welcome, layout_basic,
          dreamdust_ecumenical_altar_angels_and_demons
D:2:      layout_loops_cross, basic_altar
D:3:      minmay_angry_zag, layout_basic, gammafunk_temple_overflow_forgotten,
          nicolae_half_adder
D:4:      layout_basic, kennysheep_little_box
D:5:      layout_cave_pools, minmay_temple_entry_ruins, roderic_batcave,
          uniq_menkaure
D:6:      layout_basic, dk_xom_monty_hall, serial_shops,
          nicolae_shop_gibbet_a_chance, amcnicky_mini_pool_small,
          dreamdust_princess_bridge, st_stairs_5, grunt_ministairs_9,
          uniq_duvessa, uniq_pikel

Skill      XL: |  1  2  3  4  5  6  7  8 |
---------------+-------------------------+-----
Ranged Weapons | 4 5 6 7 8 |  8.0
Fighting       | 3 4 6 |  6.6
Dodging        | 2 |  2.2
Invocations    | 2 4 |  4.2
Armour         | 1 |  1.1
Stealth        | |  1.5

Action                     |  1- 3 |  4- 6 |  7- 9 || total
---------------------------+-------+-------+-------++-------
   Fire: Shortbow          |    60 |   118 |   156 ||   334
 Invoke: Heroism           |       |       |     8 ||     8
Ability: Spit Poison       |    21 |    46 |    26 ||    93
    Use: Scroll            |     1 |     5 |     5 ||    11
         Potion            |       |     1 |     3 ||     4
 Armour: Leather armour    |     9 |    20 |    38 ||    67
  Dodge: Dodged            |    17 |    38 |    60 ||   115
  Block: Other             |       |       |    23 ||    23
         Reflection        |       |       |     2 ||     2

Table legend:
 A = Non-vault XP
 B = Vault XP
 C = Vault XP percentage of total XP
 D = Non-vault monster count
 E = Vault monster count
 F = Vault count percentage of total count
                 A         B        C        D         E       F
            +---------+---------+-------+---------+---------+-------
      Total |    1302 |    1092 |  45.6 |      95 |      19 |  16.7
            +---------+---------+-------+---------+---------+-------
        D:1 |      44 |       0 |   0.0 |      30 |       0 |   0.0
        D:2 |      83 |       0 |   0.0 |      21 |       0 |   0.0
        D:3 |      56 |      56 |  50.0 |       8 |       7 |  46.7
        D:4 |     546 |       0 |   0.0 |      23 |       0 |   0.0
        D:5 |     484 |     286 |  37.1 |      10 |       9 |  47.4
        D:6 |      89 |     750 |  89.4 |       3 |       3 |  50.0
            +---------+---------+-------+---------+---------+-------
